 Dungeon Crawl Stone Soup version 0.28.0-53-g5a82cb258f (webtiles) character file.

Game seed: 5359989411577259011

66 SanguineChosen the Covered (level 4, -1/29 HPs)
             Began as a Gargoyle Fighter on July 15, 2022.
             Slain by an orc warrior
             ... wielding a +0 long sword
              (8 damage)
             ... on level 2 of the Dungeon.
             The game lasted 00:06:20 (2931 turns).

SanguineChosen the Covered (Gargoyle Fighter)       Turns: 2931, Time: 00:06:21

Health: -1/29      AC: 10    Str: 22    XL:     4   Next: 15%
Magic:  4/4        EV:  9    Int:  8    God:
Gold:   84         SH:  4    Dex:  9    Spells: 3/3 levels left

rFire   . . .      SeeInvis .   a - +0 flail
rCold   . . .      Faith    .   c - +0 buckler
rNeg    + . .      Spirit   .   b - +0 scale mail
rPois   ∞          Reflect  .   (no helmet)
rElec   +          Harm     .   (no cloak)
rCorr   .          Rampage  .   (no gloves)
Will    .....                   (no boots)
Stlth   ..........              (no amulet)
HPRegen 0.09/turn               (no ring)
MPRegen 0.09/turn               (no ring)

@: mighty, hasted, very quick
A: sickness immunity, AC +3, negative energy resistance 1, electricity
resistance, torment resistance 1, petrification resistance
a: no special abilities


You were on level 2 of the Dungeon.
You visited 1 branch of the dungeon, and saw 3 of its levels.

You collected 84 gold pieces.

Inventory:

Hand Weapons
 a - a +0 flail (weapon)
Armour
 b - a +0 scale mail (worn)
 c - a +0 buckler (worn)
Scrolls
 i - a scroll of brand weapon
 l - 2 scrolls of teleportation {unknown}
 m - a scroll of amnesia {unknown}
Potions
 e - a potion of degeneration {unknown}
 h - a potion of heal wounds {unknown}


   Skills:
 + Level 3.8 Fighting
 + Level 2.9 Maces & Flails
 + Level 3.9 Armour
 + Level 0.3 Dodging
 + Level 0.1 Stealth
 + Level 3.6 Shields


You had 3 spell levels left.
You didn't know any spells.
Your spell library contained the following spells:

 Spells                   Type           Power      Damage    Failure   Level
 Blink                    Tloc           0%         N/A       91%         2
 Lesser Beckoning         Tloc           0%         N/A       99%         3
 Manifold Assault         Tloc           0%         N/A       100%        5


Dungeon Overview and Level Annotations

Branches:
Dungeon (3/15)

Altars:
Ashenzari


Innate Abilities, Weirdness & Mutations

You are immune to sickness and miasma.
Your stone body is resilient. (AC +3)
You are immune to poison.
You resist negative energy. (rN+)
You are resistant to electric shocks. (rElec)
You are resistant to unholy torment.
You are immune to petrification.


Message History

The orc shouts!
An orc comes into view. It is wielding a +0 short sword.
The orc shouts!
An orc warrior comes into view. It is wielding a +0 long sword.
The orc warrior shouts!
You hear a shout!
An orc priest comes into view. It is wielding a +0 trident.
The orc priest invokes the aid of Beogh against you.
Beogh smites you!
You sock the orc!
You kill the orc!
An orc wizard comes into view. It is wielding a +0 dagger.
The orc priest miscasts a cantrip.
You closely miss the orc. The orc hits you but does no damage.
The orc barely misses you.
The orc priest mumbles some strange prayers to Beogh against you.
Beogh smites you!
There is a stone staircase leading up here.
You block the orc warrior's attack.
You climb upwards.
There is a stone staircase leading down here.
It was a potion of curing.
You feel better. You block the orc warrior's attack.
You hit the orc warrior but do no damage.
The orc warrior closely misses you.
You barely miss the orc warrior.
The orc warrior hits you with a +0 long sword!
You feel better. The orc warrior barely misses you.
You hit the orc warrior.
The orc warrior is lightly wounded.
The orc warrior hits you with a +0 long sword!
The orc warrior closely misses you.
You sock the orc warrior!
The orc warrior is heavily wounded.
The orc warrior hits you with a +0 long sword.
* * * LOW HITPOINT WARNING * * *
You feel very mighty all of a sudden.
The orc warrior hits you with a +0 long sword.
* * * LOW HITPOINT WARNING * * *
You feel yourself speed up.
The orc warrior hits you with a +0 long sword!
You die...

#......#.....#
####'###.....###
####'###.......#
##.....##.......#
#......''.......#
#......##.......# ###
#......#####....# #..
#.....o#############..
#....@.............+..
#.#########.########..
#.# #.# #####.. #.#
#.# #......
#.#########.# #.#####
#...........####......
########...........###
#...........#
#...........#


You could see an orc warrior.

Vanquished Creatures
  4 adders
  A worm (D:2)
  An orc (D:3)
  3 endoplasms
  A giant cockroach (D:2)
  3 hobgoblins (D:2)
  2 quokkas (D:2)
  4 ball pythons
  A bat (D:1)
  3 goblins (D:2)
  2 kobolds
  2 rats
27 creatures vanquished.

Notes
Turn   | Place    | Note
-------+----------+-------------------------------------------
     0 | D:1      | SanguineChosen the Gargoyle Fighter began the quest for the
                  | Orb.
     0 | D:1      | Reached XP level 1. HP: 14/14 MP: 1/1
  1235 | D:2      | Reached XP level 2. HP: 14/19 MP: 2/2
  1505 | D:2      | Found a broken altar of Ashenzari.
  1625 | D:2      | Reached XP level 3. HP: 23/23 MP: 3/3
  2767 | D:3      | Reached XP level 4. HP: 29/29 MP: 4/4
  2903 | D:3      | Noticed an orc warrior
  2931 | D:2      | Slain by an orc warrior

Illustrated notes

Levels and vault maps discovered:
D:1:      nicolae_arrival_somewhat_less_tricky_arrival, layout_basic
D:2:      layout_basic, basic_altar, chequers_serial_rivers_micro_a
D:3:      layout_basic, minmay_rat_hole

Action                   |  1- 3 |  4- 6 || total
-------------------------+-------+-------++-------
Melee: Flail             |    91 |     9 ||   100
  Use: Scroll            |     3 |       ||     3
       Potion            |       |     4 ||     4
Armor: Scale mail        |    55 |     2 ||    57
Dodge: Dodged            |    32 |     6 ||    38
Block: Buckler           |    19 |     4 ||    23
